 Dungeon Crawl Stone Soup version 0.29.1-13-g9f3cf754e1 (webtiles) character file.

Game seed: 4616113649402415783

79 croobank the Sneak (level 4, -2/32 HPs)
             Began as an Octopode Delver on Jan 19, 2023.
             Slain by a goblin
             ... wielding a +0 club
              (3 damage)
             ... on level 3 of the Dungeon.
             The game lasted 00:05:30 (1439 turns).

croobank the Sneak (Octopode Delver)                Turns: 1439, Time: 00:05:31

Health: -2/32      AC:  1    Str: 11    XL:     4   Next: 38%
Magic:  4/4        EV: 13    Int: 14    God:
Gold:   27         SH:  0    Dex: 13    Spells: 3/3 levels left

rFire   . . .      SeeInvis .   a - +0 hand axe
rCold   . . .      Faith    .   (no shield)
rNeg    . . .      Spirit   .   (helmet restricted)
rPois   .          Reflect  .   (no amulet)
rElec   .          Harm     .   (no ring)
rCorr   .          Rampage  .   (no ring)
Will    .....                   (no ring)
Stlth   ++++......              (no ring)
HPRegen 0.10/turn               (no ring)
MPRegen 0.09/turn               (no ring)
                                (no ring)
                                (no ring)

@: no status effects
A: almost no armour, amphibious, 8 rings, camouflage 1, gelatinous body 1,
(nimble swimmer 1), tentacles
a: no special abilities


You were on level 3 of the Dungeon.
You visited 1 branch of the dungeon, and saw 4 of its levels.
You also visited: Sewer.

You collected 27 gold pieces.

Inventory:

Hand Weapons
 a - a +0 hand axe (weapon)
Wands
 f - a wand of digging (3)
Scrolls
 b - a scroll of fog
 e - a scroll of identify {unknown}
 g - 2 scrolls of blinking
 h - a scroll of teleportation {unknown}
 i - a scroll of vulnerability {unknown}
Potions
 j - a potion of invisibility


   Skills:
 + Level 3.6 Fighting
 + Level 2.7 Axes
 + Level 2.8 Dodging
 + Level 7.2 Stealth


You had 3 spell levels left.
You didn't know any spells.
Your spell library contained the following spells:

 Spells                   Type           Power      Damage    Failure   Level
 Blink                    Tloc           0%         N/A       41%         2
 Lesser Beckoning         Tloc           0%         N/A       65%         3
 Manifold Assault         Tloc           0%         N/A       100%        5


Dungeon Overview and Level Annotations

Branches:
Dungeon (6/15)             Temple (0/1) D:5           Sewer (visited)

Altars:
Ashenzari
Zin

Shops:
D:3 (


Innate Abilities, Weirdness & Mutations

You cannot wear most types of armour.
You are amphibious.
You can wear up to eight rings at the same time.
Your skin changes colour to match your surroundings (Stealth+).
Your rubbery body absorbs attacks. (AC +1, EV +1)
((You are camouflaged when in or above water. (Stealth+)))
You have tentacles for arms and can constrict up to eight enemies at once.


Message History

The goblin is moderately wounded.
The goblin barely misses you.
You barely miss the goblin. Your grab misses the goblin.
The goblin is moderately wounded.
The goblin closely misses you. The goblin attacks as you move away!
The goblin misses you.
The goblin throws a stone.
The stone hits you. The iguana attacks as you move away! The iguana bites you!
You closely miss the iguana. Your grab misses the iguana.
The iguana closely misses you. The iguana barely misses you.
You hit the iguana but do no damage. You grab the iguana.
You constrict the iguana. The iguana bites you.
You barely miss the iguana.
The iguana is lightly wounded.
You constrict the iguana, but do no damage.
The iguana bites you.
* * * LOW HITPOINT WARNING * * *
You hit the iguana. You squeeze the iguana.
The iguana is severely wounded.
You constrict the iguana. The iguana bites you.
* * * LOW HITPOINT WARNING * * *
You hit the iguana.
The iguana is almost dead.
You constrict the iguana.
You kill the iguana!
You have reached level 4!
You hit the goblin but do no damage. Your grab misses the goblin.
The goblin closely misses you.
You hit the goblin.
You kill the goblin!
The goblin throws a stone.
The stone hits you.
* * * LOW HITPOINT WARNING * * *
The goblin hits you with a +0 club.
* * * LOW HITPOINT WARNING * * *
Items here: ) ? [ †.
You completely miss the goblin. Your grab misses the goblin.
Your squeeze misses the goblin.
The goblin is moderately wounded.
The goblin closely misses you. The goblin hits you with a +0 club.
You die...

*,**,**#######.#####.##....###
,,,*,,*#............[#######
,,,,,,*#.#####.####.)#
,_,,,,*#.#####.####..#
,,,,,,*#.........##..#
,,,*,,*#..###....?...#
*,**,*##.,* #..#.#...#
,,,,,,....###..#.#..##
,,,,,,.........#@#..#
,*,***##........g...# ,<,,,*
######.##....#* ,,,,,*
#.##.....#* ,,,,,*
#####.#.......# ,,,,,*
#.............# ,,,,,*
#..####.......# ***,** #..#
##.....## *,* #..# #....##


You could see a goblin.

Vanquished Creatures
  An orc wizard (D:3)
  An iguana (D:3)
  4 worms
  An endoplasm (D:3)
  A giant cockroach (D:4)
  3 goblins
  3 kobolds
  A quokka (D:3)
  4 ball pythons
  A frilled lizard (D:3)
  2 rats
22 creatures vanquished.

Notes
Turn   | Place    | Note
-------+----------+-------------------------------------------
     0 | D:5      | croobank the Octopode Delver began the quest for the Orb.
     0 | D:5      | Reached XP level 1. HP: 16/16 MP: 1/1
     2 | D:5      | Noticed a phantom
    11 | D:5      | Found a glowing silver altar of Zin.
    21 | D:6      | Noticed an orc warrior
    21 | D:6      | Noticed an orc priest
    89 | D:4      | Found a broken altar of Ashenzari.
   406 | D:3      | Found Tahas's Weapon Emporium.
   424 | D:3      | Noticed an orc wizard
   424 | D:3      | Noticed an orc priest
   456 | D:3      | Reached XP level 2. HP: 21/21 MP: 2/2
   480 | D:3      | Reached XP level 3. HP: 12/26 MP: 3/3
   566 | D:3      | Reached skill level 7 in Stealth
   579 | D:3      | Found a glowing drain.
   802 | Sewer    | Entered a sewer
   817 | Sewer    | Noticed a kobold brigand
  1083 | Sewer    | Noticed a kobold brigand
  1436 | D:3      | Reached XP level 4. HP: 6/32 MP: 4/4
  1438 | D:3      | HP: 1/32 [goblin/+0 club (4)]
  1439 | D:3      | Slain by a goblin

Illustrated notes

Levels and vault maps discovered:
D:3:      layout_loops_ring, okawaru_gym_becter, serial_shops, shop,
          cheibrodos_sewer_entry_bend, item_on_display_b
D:4:      layout_basic, mainiacjoe_overflow_concentric_impassable,
          hangedman_decor_diamond_cutter
D:5:      minmay_goblin_kobold_castle, layout_basic,
          mainiacjoe_overflow_catwalk_spiral, lemuel_round_altar,
          mainiacjoe_overflow_paths, lemuel_zombie_altar_kikubaaqudgha,
          nicolae_sif_muna_little_library, minmay_temple_entry_mist,
          minmay_manual_mares
D:6:      layout_loops_ring, cheibriados_altar_2

Skill      XL: |  1  2  3 |
---------------+----------+-----
Stealth        | 7 |  7.2
Fighting       | |  3.6
Axes           | |  2.7
Dodging        | |  2.8

Action                   |  1- 3 |  4- 6 || total
-------------------------+-------+-------++-------
Melee: Hand axe          |    56 |     3 ||    59
       Tentacles         |    11 |       ||    11
       Constrict         |     9 |       ||     9
  Use: Scroll            |     3 |       ||     3
       Potion            |     5 |       ||     5
 Stab: Sleeping          |     8 |       ||     8
Armor: Skin              |     5 |       ||     5
Dodge: Dodged            |    28 |     2 ||    30
